 Dungeon Crawl Stone Soup version 0.31.0-7-gf635a9b802 (webtiles) character file.

Game seed: 6460763579579076594

25 raph the Firebug (level 2, 0/15 HPs)
             Began as a Deep Elf Fire Elementalist on Jan 23, 2024.
             Slain by a quokka (3 damage)
             ... on level 2 of the Dungeon.
             The game lasted 00:01:21 (997 turns).

raph the Firebug (Deep Elf Fire Elementalist)        Turns: 997, Time: 00:01:22

Health: 0/15       AC:  3    Str:  5    XL:     2   Next: 86%
Magic:  6/8        EV: 13    Int: 19    God:
Gold:   49         SH:  0    Dex: 15    Spells: 4/7 levels left

rFire   + . .        f - +0 dagger
rCold   + . .        (no shield)
rNeg    . . .        h - +1 robe {rC+ rF+}
rPois   .            (no helmet)
rElec   .            (no cloak)
rCorr   .            (no gloves)
SInv    .            (no boots)
Will    .....        (no amulet)
Stlth   ++           (no ring)
HPRegen 0.22/turn    (no ring)
MPRegen 0.11/turn

%: no passive effects
@: no status effects
A: no striking features
a: no special abilities


You were on level 2 of the Dungeon.
You visited 1 branch of the dungeon, and saw 2 of its levels.

You collected 49 gold pieces.

Inventory:

Hand Weapons
 f - a +0 dagger (weapon)
Armour
 h - a +1 robe of resistance (worn)
Scrolls
 c - 3 scrolls of identify {unknown}
 d - a scroll of summoning {unknown}
 i - a scroll of teleportation {unknown}
Potions
 a - a potion of enlightenment {unknown}
 b - a potion of magic
 e - a potion of resistance {unknown}
 g - a potion of curing {unknown}


   Skills:
 + Level 2.7 Dodging
 - Level 2.4 Stealth
 + Level 3.3 Spellcasting
 * Level 2.0 Conjurations
 * Level 3.7 Fire Magic


You had 4 spell levels left.
You knew the following spells:

 Your Spells              Type           Power      Damage    Failure   Level
a - Foxfire               Conj/Fire      56%        2x1d6     4%          1
b - Scorch                Fire           34%        2d6       4%          2

Your spell library contained the following spells:

 Spells                   Type           Power      Damage    Failure   Level
 Inner Flame              Hex/Fire       10%        N/A       21%         3
 Volatile Blastmotes      Fire/Tloc      20%        2d11      21%         3
 Flame Wave               Conj/Fire      14%        2d6       41%         4


Dungeon Overview and Level Annotations

Branches:
Dungeon (2/15)

Altars:


Message History

The foxfire hits the adder but does no damage.
The adder is almost dead.
Casting: Foxfire (safe; 4% risk of failure)
Confirm with . or Enter, or press ? or * to list all spells.
You conjure some foxfire!
The foxfire hits the adder.
You kill the adder!
Your Conjurations skill increases to level 2!
You start resting.
Your foxfire dissipates!
You start resting.
Your foxfire dissipates!
You start resting.
Your foxfire dissipates!
Your magical contamination has completely faded away.
You start resting.
Magic restored.
You now have 49 gold pieces (gained 10).
Found 3 stones.
A ribbon worm comes into view.
The ribbon worm bites you!
The ribbon worm expels a string of sticky webbing.
The stream of webbing hits you but does no damage.
You are caught in a web!
There is a web here.
You see here a scroll labelled TIRANE KOCLECK.
Casting: Foxfire (safe; 4% risk of failure)
Confirm with . or Enter, or press ? or * to list all spells.
Flames lash the ribbon worm.
The ribbon worm is moderately wounded.
The ribbon worm's fire resistance burns away.
The web tears apart.
The ribbon worm bites you!
* * * LOW HITPOINT WARNING * * *
A quokka comes into view.
A bat comes into view.
The ribbon worm is no longer more vulnerable to fire.
Found 10 gold pieces.
The ribbon worm attacks as it pursues you!
The ribbon worm closely misses you. The quokka bites you.
You die...

#.##.##.##......##.
#.##.##....#... #
#.......#.......
#.####...######.###
...#...#.$......
##.#...#.......#
#...?.w........
#....r..b......
#....@.........
#..#...#^......
....(#...#.......
###.##...########
#. ##### ##


You could see a ribbon worm, a quokka and a bat.

Vanquished Creatures
  An adder (D:2)
  A bat (D:1)
  2 endoplasms (D:1)
  A goblin (D:1)
  3 hobgoblins (D:1)
  3 kobolds (D:1)
  2 ball pythons (D:1)
  2 frilled lizards (D:1)
15 creatures vanquished.

Vanquished Creatures (others)
  61 foxfires
61 creatures vanquished.

Grand Total: 76 creatures vanquished

Notes
Turn   | Place    | Note
-------+----------+-------------------------------------------
     0 | D:1      | raph the Deep Elf Fire Elementalist began the quest for the
                  | Orb.
     0 | D:1      | Reached XP level 1. HP: 10/10 MP: 6/6
   317 | D:1      | Reached XP level 2. HP: 15/15 MP: 4/8
   721 | D:1      | Learned a level 2 spell: Scorch
   997 | D:2      | Slain by a quokka

Illustrated notes

Levels and vault maps discovered:
D:1:      eino_arrival_cavern_a, layout_rooms
D:2:      layout_loops_cross, uniq_terence

Skill      XL: |  1  2 |
---------------+-------+-----
Conjurations   | 2 |  2.0
Dodging        | |  2.7
Stealth        | |  2.4
Spellcasting   | |  3.3
Fire Magic     | |  3.7

Action                     || total
---------------------------++-------
   Cast: Foxfire           ||    34
         Scorch            ||     1
 Armour: Robe              ||     3
  Dodge: Dodged            ||     2
